 Dungeon Crawl Stone Soup version 0.28-a0-655-g4eb62b627b (webtiles) character file.

Game seed: 9969623695662327398

210 bande the Covered (level 5, 33/33 HPs)
             Began as a Gargoyle Fighter on Oct 13, 2021.
             Quit the game on level 3 of the Dungeon.
             The game lasted 00:08:00 (3443 turns).

bande the Covered (Gargoyle Fighter)                Turns: 3443, Time: 00:08:01

Health: 33/33      AC: 15    Str: 21    XL:     5   Next: 88%
Magic:  5/5        EV:  9    Int:  8    God:
Gold:   71         SH:  4    Dex:  9    Spells: 4/4 levels left

rFire   . . .      SeeInvis .   a - +0 war axe
rCold   . . .      Faith    .   c - +0 buckler
rNeg    + . .      Spirit   .   b - +0 scale mail
rPois   ∞          Reflect  .   i - +2 helmet
rElec   +          Harm     .   (no cloak)
rCorr   .          Rampage  .   k - +0 pair of gloves
Will    .....                   (no boots)
Stlth   ..........              (no amulet)
HPRegen 0.11/turn               (no ring)
MPRegen 0.09/turn               (no ring)

@: no status effects
A: sickness immunity, AC +4, negative energy resistance 1, electricity
resistance, torment resistance 1, petrification resistance, mutation resistance
1
a: no special abilities


You were on level 3 of the Dungeon.
You visited 1 branch of the dungeon, and saw 3 of its levels.

You collected 71 gold pieces.

Inventory:

Hand Weapons
 a - a +0 war axe (weapon)
Armour
 b - a +0 scale mail (worn)
 c - a +0 buckler (worn)
 e - a +1 tower shield
 i - a +2 helmet (worn)
 k - a +0 pair of gloves (worn)
Scrolls
 g - a scroll of fog
 h - 2 scrolls of identify
 j - a scroll of summoning
Potions
 d - a potion of might


   Skills:
 + Level 4.0 Fighting
 + Level 4.1 Axes
 + Level 4.2 Armour
 - Level 0.2 Dodging
 + Level 3.7 Shields


You had 4 spell levels left.
You didn't know any spells.
Your spell library contained the following spells:

 Spells                   Type           Power      Damage    Failure   Level
 Beastly Appendage        Tmut           0%         N/A       75%         1
 Wereblood                Tmut           0%         N/A       87%         2
 Spider Form              Tmut/Pois      0%         N/A       98%         3


Dungeon Overview and Level Annotations

Branches:
Dungeon (3/15)

Altars:
Elyvilon
Ru
Zin


Innate Abilities, Weirdness & Mutations

You are immune to sickness and miasma.
Your stone body is resilient. (AC +4)
You are immune to poison.
You resist negative energy. (rN+)
You are resistant to electric shocks. (rElec)
You are resistant to unholy torment.
You are immune to petrification.
You are somewhat resistant to further mutation.


Message History

No target in view!
No target in view!
Found a pair of gloves.
No target in view!
No target in view!
You see here a +0 pair of gloves.
k - a +0 pair of gloves You start putting on your armour.
You continue putting on your +0 pair of gloves. x4
You finish putting on your +0 pair of gloves.
There is an open door here.
There is an open door here.
You see here 12 stones.
A rat comes into view.
A rat is nearby!
The rat bites you but does no damage.
You slash the rat!
You kill the rat!
No target in view!
No target in view!
No target in view!
No target in view!
You see here a +0 barding.
Done exploring.
Done exploring.
Done exploring.
There is an open door here.
There is a glowing silver altar of Zin here.
Blink to where?
Press: ? - help, Dir - move target
As you read the scroll labelled NOCUNE HIEGIER, it crumbles to dust.
It was a scroll of blinking.
f - a scroll labelled WUESOY MYRPHUNN
h - 2 scrolls of identify (gained 1)
As you read the scroll labelled WUESOY MYRPHUNN, it crumbles to dust.
It is a scroll of enchant armour.
Your +0 tower shield glows green for a moment.
Okay, then.
Unknown command.
Are you sure you want to abandon this character and quit the game? (Confirm with "yes".)

.................##
.####....####.##..#
.# #.#### #####'###
.# #.# #.....#
.####.# #.._..#
......# #.....#
.####.# ##########
.# #.# #.# #...# ##
#.######.###@..#
.####.........######
#..#..#######.###
......## #.#.#
###..#.## ##.#.#
..##..#S####....#
##S##...........#
##.##..#.#....##
#.rJ...#..<.##


There were no monsters in sight!

Vanquished Creatures
  Natasha (thrice) (D:3)
  Robin (D:3)
  3 adders
  2 worms (D:2)
  A dart slug (D:1)
  3 orcs (D:3)
  6 endoplasms
  12 goblins
  15 hobgoblins
  9 kobolds
  A quokka (D:2)
  9 ball pythons
  6 bats
  3 frilled lizards
  9 rats
83 creatures vanquished.

Vanquished Creatures (others)
  4 plants (D:3)
4 creatures vanquished.

Grand Total: 87 creatures vanquished

Notes
Turn   | Place    | Note
-------+----------+-------------------------------------------
     0 | D:1      | bande the Gargoyle Fighter began the quest for the Orb.
     0 | D:1      | Reached XP level 1. HP: 14/14 MP: 1/1
    76 | D:1      | Reached XP level 2. HP: 19/19 MP: 2/2
   684 | D:2      | Reached XP level 3. HP: 23/23 MP: 3/3
  1581 | D:2      | Reached XP level 4. HP: 17/28 MP: 4/4
  1776 | D:2      | Found a faded altar of an unknown god.
  1823 | D:3      | Noticed Natasha
  1836 | D:3      | Killed Natasha
  2248 | D:3      | Noticed Natasha
  2254 | D:3      | Reached XP level 5. HP: 28/33 MP: 5/5
  2257 | D:3      | Killed Natasha
  2343 | D:3      | Gained mutation: You are somewhat resistant to further
                  | mutation. [potion of mutation]
  2376 | D:3      | Noticed Natasha
  2386 | D:3      | Killed Natasha
  2771 | D:3      | Found a glowing silver altar of Zin.
  2832 | D:3      | Found a white marble altar of Elyvilon.
  2867 | D:3      | Found a sacrificial altar of Ru.
  2987 | D:3      | Noticed Robin
  2993 | D:3      | Killed Robin
  3443 | D:3      | Quit the game

Illustrated notes

Levels and vault maps discovered:
D:1:      nicolae_arrival_washed_ashore, layout_basic, hex_intersection
D:2:      cheibrodos_helix_gallery, layout_loops_corners,
          shapermc_ecumenical_altar_mp_vishouse, minmay_liquid_box
D:3:      corexii_shack_village, layout_loops_ring,
          nicolae_overflow_hidden_temple, mainiacjoe_overflow_24_doors,
          zin_scriptorium, uniq_robin, uniq_natasha

Skill      XL: |  1  2  3  4  5 |
---------------+----------------+-----
Axes           | 2 3 4 |  4.1
Armour         | 4 |  4.2
Fighting       | 4 |  4.0
Dodging        | |  0.2
Shields        | |  3.7

Action                   |  1- 3 |  4- 6 || total
-------------------------+-------+-------++-------
Melee: War axe           |    95 |   100 ||   195
  Use: Scroll            |     3 |     5 ||     8
       Potion            |       |     1 ||     1
Armor: Scale mail        |    37 |    50 ||    87
Dodge: Dodged            |    55 |    35 ||    90
Block: Buckler           |    18 |    21 ||    39

Table legend: (Time is in decaauts)
 A = Elapsed time spent in this place.
 B = Non-inter-level travel time spent in this place.
 C = Inter-level travel time spent in this place.
 D = Time resting spent in this place.
 E = Time spent auto-exploring this place.
 F = Levels seen in this place.
 G = Mean time per level.
                   A        B        C        D        E       F      G
               +--------+--------+--------+--------+--------+-----+--------+
         Total |   3531 |   3478 |     53 |    741 |   2115 |   3 | 1177.0 |
       Dungeon |   3531 |   3478 |     53 |    741 |   2115 |   3 | 1177.0 |
               +--------+--------+--------+--------+--------+-----+--------+

Top non-repeatable levels by time:
     D:3: 1457 daAuts
     D:2: 1372 daAuts
     D:1: 701 daAuts
